Map: 光影交错-天梯版

Players

EveryTime

  • Race: Protoss Protoss

电脑难度(新手) - Winner!

  • Race: Terran Terran

VOD

Have the link to the VOD?

Description

Time

  • Played on: May 26, 2026, 11:30 a.m.
  • Length: 6:23
Show
View Real Time Build Order
Export as new Build Order

EveryTime Protoss 

Build Orders: 1 Gate Expand, Blink Stalkers 

Get SALT Encoding   

  12  0:00  Probe  
  13  0:12  Probe  
  14  0:17  Pylon  
  14  0:24  Probe  
  15  0:32  Probe  
  15  0:37  Gateway  
  15  0:40  Probe  
  16  0:47  Assimilator  
  17  0:51  Probe  
  18  1:01  Probe  
  19  1:09  Probe  
  19  1:17  Probe  
  20  1:25  Cybernetics Core  
  21  1:38  Nexus  
  21  1:45  Pylon  
  21  1:49  Probe  
  22  1:57  Assimilator  
  22  2:02  Probe  
  22  2:03  Sentry  
  22  2:06  Warp Gate  
  25  2:11  Shield Battery  
  25  2:21  Probe  
  26  2:23  Stalker  
  28  2:34  Probe  
  29  2:42  Twilight Council  
  29  2:47  Probe x2  
  31  2:55  Probe x2  
  31  2:59  Gateway  
  31  3:01  Blink  
  31  3:05  Probe x2  
  35  3:17  Probe x2  
  37  3:29  Probe x2  
  37  3:32  Robotics Facility  
  39  3:36  Pylon  
  39  3:41  Probe x2  
  41  3:54  Probe x2  
  41  3:55  Stalker x2  
  47  4:00  Assimilator  
  47  4:02  Pylon  
  47  4:06  Probe x2  
  49  4:18  Probe x2, Stalker  
  49  4:20  Stalker  
  49  4:21  Observer  
  56  4:28  Gateway  
  56  4:29  Gateway  
  56  4:38  Warp Prism  
  56  4:43  Stalker  
  56  4:44  Stalker  
  60  4:46  Pylon  
  62  4:57  Pylon  
  62  5:10  Stalker x2  
  66  5:26  Pylon  
  66  5:28  Pylon  
  66  5:34  Stalker x4  
  74  5:37  Nexus  
  74  5:44  Probe  
  74  5:45  Probe  
  76  5:56  Probe  
  78  5:57  Probe  
  78  5:59  Stalker  
  78  6:00  Stalker x3  
  86  6:12  Pylon  
Show
View Real Time Build Order
Export as new Build Order

电脑难度(新手) Terran - Winner!

Build Orders:  

Get SALT Encoding   

  12  0:00  SCV  
  13  0:13  SCV  
  14  0:18  Supply Depot  
  14  0:37  Refinery  
  14  0:42  Barracks  
  14  1:04  Supply Depot  
  14  1:12  Refinery  
  14  1:30  Marine, Orbital Command  
  15  1:49  Barracks Tech Lab  
  15  1:56  SCV  
  17  2:08  SCV  
  17  2:16  Marine  
  17  2:20  SCV  
  19  2:32  SCV  
  20  2:44  SCV  
  21  2:57  SCV  
  22  3:03  Marauder  
Tags
 
Add a new tag
Caveats
  • Supply blocks, unpowered buildings, or Contaminate may cause inaccurate times.
  • Supply counts are checked every 10 seconds.